 Dungeon Crawl Stone Soup version 0.32-a0-30-gefbe487952 (webtiles) character file.

Game seed: 17291005619402769470

3619 LeprechaunX the Mimic (level 10, -18/66 HPs)
             Began as an Octopode Shapeshifter on Jan 19, 2024.
             Was a Believer of Uskayaw.
             Demolished by an orc warlord
             ... wielding a +6 broad axe
              (51 damage)
             ... in a bailey.
             The game lasted 00:11:32 (7190 turns).

LeprechaunX the Mimic (Octopode Shapeshifter)       Turns: 7190, Time: 00:11:33

Health: -18/66     AC:  7    Str: 20    XL:     10   Next: 11%
Magic:  14/14      EV: 11    Int: 13    God:    Uskayaw [**....]
Gold:   519        SH:  0    Dex: 14    Spells: 9/9 levels left

rFire   . . .        h - melded +7 dagger of Optimality {flame, rPois rCorr Int+8}
rCold   . . .        (shield currently unavailable)
rNeg    . . .        (helmet currently unavailable)
rPois   +            z - amulet of faith
rElec   .            (no ring)
rCorr   .            (no ring)
SInv    .            (no ring)
Will    .....        (no ring)
Stlth   +            (no ring)
HPRegen 0.31/turn    (no ring)
MPRegen 0.14/turn    (no ring)
                     (no ring)

%: faith
@: snake-form
A: constrict, reduced hp, almost no armour, amphibious, 8 rings, large,
(camouflage 1), (gelatinous body 1), (nimble swimmer 1), (tentacles)
a: Begin Untransformation, Renounce Religion, Stomp, Line Pass


You were in a bailey.
You worshipped Uskayaw.
Uskayaw was noncommittal.
You were an enormous serpent.
You visited 1 branch of the dungeon, and saw 7 of its levels.
You also visited: Bailey.

You collected 541 gold pieces.
You spent 22 gold pieces at shops.

Inventory:

Hand Weapons
 h - the +7 dagger of Optimality (melded) {flame, rPois rCorr Int+8}
   (You found it on level 2 of the Dungeon)

   Int+8:     It affects your intelligence (+8).
   rPois:     It protects you from poison rCorr: It protects you from acid and
   corrosion.
Missiles
 d - a throwing net
 i - 4 javelins
 s - 3 boomerangs
Jewellery
 z - an amulet of faith (around neck)
Talismans
 b - a beast talisman
 c - a flux talisman
 n - a serpent talisman (active)
Wands
 q - a wand of charming (9) (quivered)
 t - a wand of polymorph (7)
Scrolls
 f - 5 scrolls of blinking
 g - 7 scrolls of enchant armour
 m - a scroll of enchant weapon
 p - a scroll of immolation
 r - a scroll of amnesia
 u - a scroll of vulnerability {unknown}
 w - 3 scrolls of fog
 x - a scroll of teleportation {unknown}
 y - a scroll of revelation {unknown}
 A - 2 scrolls of fear {unknown}
Potions
 a - 2 potions of lignification
 e - 3 potions of heal wounds
 j - 4 potions of mutation
 k - a potion of enlightenment {unknown}
 l - 3 potions of brilliance
 o - 3 potions of haste
 v - 2 potions of degeneration
 B - a potion of cancellation {unknown}


   Skills:
 + Level 5.8 Fighting
 - Level 3.0 Throwing
 - Level 4.0 Dodging
 + Level 6.0 Unarmed Combat
 + Level 5.7 Invocations
 + Level 4.8 Evocations
 * Level 8.1 Shapeshifting


You had 9 spell levels left.
You didn't know any spells.
Your spell library was empty.

Dungeon Overview and Level Annotations

Branches:
Dungeon (7/15)             Temple (0/1) D:7          Bailey (1/1)

Altars:
Cheibriados
Dithmenos
Kikubaaqudgha
Qazlal
Uskayaw
Zin
The Shining One

Shops:
D:1 !   D:4 *   D:5 ?

Annotations:
D:5 1 runed translucent door, Crazy Yiuf


Innate Abilities, Weirdness & Mutations

You are an enormous serpent.
You have a powerful constriction melee attack.
Your maximum health is decreased, since you lack skill for your form.
Your armour is entirely melded.
You are incapable of wielding weapons or throwing items.
You cannot wear most types of armour.
You are amphibious.
You can wear up to eight rings at the same time.
((Your skin changes colour to match your surroundings (Stealth+).))
((Your rubbery body absorbs attacks. (AC +1, EV +1)))
((You are camouflaged when in or above water. (Stealth+)))
((You have tentacles for arms and can constrict up to eight enemies at once.))


Message History

Press: ? - help, Dir - move target, f - hobgoblin
Aim: a hobgoblin, wielding a +0 hand axe and wearing a +0 leather armour (about 32% to evade your tentacles)
You lash the hobgoblin!
You kill the hobgoblin!
Aiming: Charm
Press: ? - help, Shift-Dir - straight line, f - gnoll
Aim: a gnoll, wielding a +0 hand axe and wearing a +0 leather armour (chance to affect: 70%)
The gnoll is charmed.
The hobgoblin hits you but does no damage.
The hobgoblin hits your gnoll with a +0 war axe.
Lash: -) Nothing wielded
Press: ? - help, Dir - move target, f - hobgoblin, p - gnoll
Aim: a hobgoblin, wielding a +0 war axe and wearing a +0 leather armour (about 32% to evade your tentacles)
You lash the hobgoblin!
You kill the hobgoblin!
The orc warlord hits your gnoll with a +6 broad axe!!
Your gnoll dies!
Aiming: Charm
Press: ? - help, Shift-Dir - straight line, f - orc knight
Aim: an orc knight, wielding a +0 war axe and wearing a +0 chain mail (strong, chance to affect: 44%)
The orc knight resists with some effort.
Aiming: Charm
Press: ? - help, Shift-Dir - straight line, p - orc knight The orc knight resists with some effort.
The goblin hits you with a +0 war axe!
The orc knight roars a battlecry!
The orc warlord goes into a battle-frenzy!
You body-slam the goblin!!
You kill the goblin!
You can now pass through a line of other dancers.
You closely miss the orc warlord. Your grab misses the orc warlord.
You barely miss the orc warlord. You grab the orc warlord.
You constrict the orc warlord.
The orc warlord hits you with a +6 broad axe!!
You lash the orc warlord!
The orc warlord is lightly wounded.
You constrict the orc warlord, but do no damage.
The orc warlord hits you with a +6 broad axe!!!
Ouch! That really hurt!
You die...

#........).)#.........
#........)..#.........
###)........###.......)
###.#)#.....###.###.....#
###...))###.###....
###.###
##.........###......
###..
#..........8##...... #...
#..........8#....... #...
#∩....⌠....Soo)..... #...
#..........8#....... #...
#..........8##...... #...
##.........###......
###.. ###.....###.###....
###.###
###.#)#.....###.###.....#
###.).......###........
#.).........#.........
#...........#.........


You could see an orc warlord (strong) and an orc knight (strong).

Vanquished Creatures
  Pikel (D:4)
  A steam dragon (D:7)
  9 orc warriors
  An ice beast (D:6)
  2 elephant zombies (D:6)
  2 ogres
  A lemure (D:4)
  A phantom (D:6)
  A bullfrog (D:6)
  3 scorpions
  A wight (D:6)
  3 electric eels (D:6)
  2 howler monkeys (D:6)
  2 jellies
  3 centaur zombies (D:6)
  2 bombardier beetles
  7 hounds
  2 orc priests (D:6)
  A gnoll bouda (D:5)
  A sleepcap (D:6)
  5 iguanas
  3 orc wizards
  A killer bee zombie (D:6)
  5 hound zombies (D:6)
  A howler monkey zombie (D:6)
  13 gnolls
  8 adders
  A white imp (D:6)
  3 adder zombies (D:6)
  A dart slug (D:5)
  2 ribbon worms
  23 orcs
  4 ball pythons
  8 endoplasms
  4 giant cockroaches
  21 goblins
  25 hobgoblins
  11 jackals
  6 kobolds
  2 quokkas
  8 bats
  2 frilled lizards
  2 rats (D:1)
205 creatures vanquished.

Vanquished Creatures (others)
  A gnoll (Bailey)
  An adder (D:6)
2 creatures vanquished.

Grand Total: 207 creatures vanquished

Notes
Turn   | Place    | Note
-------+----------+-------------------------------------------
     0 | D:1      | LeprechaunX the Octopode Shapeshifter began the quest for
                  | the Orb.
     0 | D:1      | Reached XP level 1. HP: 13/13 MP: 1/1
   197 | D:1      | Reached XP level 2. HP: 14/18 MP: 2/2
   302 | D:1      | Found Fehuire's Distillery.
   545 | D:1      | Reached XP level 3. HP: 19/23 MP: 3/3
   865 | D:2      | Identified the +7 dagger of Optimality {flame, rPois rCorr
                  | Int+8}
  1020 | D:2      | You fall into a shaft and drop 2 floors!
  1020 | D:4      | Found a hide-covered altar of Uskayaw.
  1023 | D:4      | Became a worshipper of Uskayaw the Reveller
  1059 | D:4      | Found a shadowy altar of Dithmenos.
  1061 | D:4      | Found a glowing golden altar of the Shining One.
  1147 | D:3      | Found a glowing silver altar of Zin.
  1207 | D:3      | Reached * piety under Uskayaw
  1233 | D:3      | Found a faded altar of an unknown god.
  1434 | D:2      | Reached ** piety under Uskayaw
  1446 | D:2      | Reached XP level 4. HP: 29/29 MP: 4/4
  1451 | D:2      | Reached *** piety under Uskayaw
  1453 | D:2      | Noticed an ogre
  1458 | D:2      | Reached **** piety under Uskayaw
  1460 | D:2      | Killed an ogre
  1461 | D:2      | Reached skill level 1 in Throwing
  1461 | D:2      | Reached skill level 1 in Invocations
  1461 | D:2      | Reached skill level 4 in Shapeshifting
  1461 | D:2      | Reached XP level 5. HP: 19/34 MP: 5/5
  2190 | D:3      | Reached XP level 6. HP: 36/41 MP: 7/7
  2742 | D:4      | Found Texi's General Store.
  2754 | D:4      | Bought a scroll of identify for 22 gold pieces
  2846 | D:4      | Found a snail-covered altar of Cheibriados.
  2894 | D:4      | Found a stormy altar of Qazlal.
  3001 | D:4      | Noticed Pikel
  3010 | D:4      | Killed Pikel
  3011 | D:4      | Reached skill level 5 in Shapeshifting
  3011 | D:4      | Reached XP level 7. HP: 21/46 MP: 4/9
  3361 | D:5      | Entered Level 5 of the Dungeon
  3377 | D:5      | Reached XP level 8. HP: 41/52 MP: 10/10
  3557 | D:5      | Reached skill level 1 in Evocations
  3663 | D:5      | Found Deamnai's Magic Scroll Emporium.
  3849 | D:5      | Found a runed translucent door.
  3850 | D:5      | Noticed Crazy Yiuf
  4485 | D:6      | Found an ancient bone altar of Kikubaaqudgha.
  4749 | D:6      | Reached skill level 6 in Shapeshifting
  4960 | D:6      | Reached skill level 5 in Unarmed Combat
  4966 | D:6      | Reached ***** piety under Uskayaw
  4984 | D:6      | Reached XP level 9. HP: 20/59 MP: 9/12
  5635 | D:6      | Reached skill level 7 in Shapeshifting
  5655 | D:6      | Reached skill level 5 in Fighting
  5916 | D:6      | HP: 2/61 [gnoll/+0 club (8)]
  6472 | D:7      | Found a staircase to the Ecumenical Temple.
  6560 | D:7      | Reached skill level 5 in Invocations
  6611 | D:7      | Found a flagged portal.
  6666 | Bailey   | Entered a bailey
  6897 | Bailey   | Reached XP level 10. HP: 53/66 MP: 7/14
  6985 | Bailey   | Reached skill level 8 in Shapeshifting
  7179 | Bailey   | Noticed an orc warlord
  7180 | Bailey   | Noticed an orc knight
  7190 | Bailey   | Demolished by an orc warlord

Illustrated notes

Levels and vault maps discovered:
D:1:      giann_wishing_wells, layout_loops_cross, serial_shops,
          nicolae_shop_tiny_waterfront, minmay_tetromino_o2
D:2:      layout_loops_ring
D:3:      layout_basic, marbit_many_paths,
          hellmonk_ecumenical_altar_pennies_from_heaven
D:4:      layout_basic, nicolae_qazlal_eye_of_the_storm, cheibriados_altar_1,
          mainiacjoe_overflow_paths, chequers_temple_overflow_statue_of_worship,
          serial_shops, shop_fountains, minivault_11, interstate_on_off,
          uniq_pikel
D:5:      layout_basic, serial_shops, shop, kennysheep_small_square,
          uniq_crazy_yiuf_cottage
D:6:      minmay_thinvault, layout_loops_ring, serial_bayou,
          serial_bayou_lagoon_a, serial_bayou_lagoon_b, serial_bayou_crossing,
          serial_bayou_lake_a, roadster_capsule_ark_zombie
D:7:      minmay_the_grid_octo_tiled_octocenter [minmay_the_grid_octo_pinwheel,
          minmay_the_grid_octo_thin_diamonds, minmay_the_grid_octo_clover_2,
          minmay_the_grid_octo_focus, minmay_the_grid_octo_prize_star,
          minmay_the_grid_square_5x5_checkered_statues,
          minmay_the_grid_square_5x5_minimal,
          minmay_the_grid_square_5x5_minibox, minmay_the_grid_square_5x5_meh],
          layout_basic, lemuel_tele_altar, amcnicky_altar_gilded, serial_shops,
          nicolae_shop_gibbet_a_chance, enter_bailey_3
Bailey:   bailey_axe_minmay_hex_keep, bailey

Skill      XL: |  1  2  3  4  5  6  7  8  9 10 |
---------------+-------------------------------+-----
Fighting       | 2 3 4 5 |  5.8
Throwing       | 1 2 3 |  3.0
Invocations    | 1 2 4 5 |  5.7
Shapeshifting  | 4 5 6 7 8 |  8.1
Dodging        | 3 4 |  4.0
Unarmed Combat | 4 5 6 |  6.0
Evocations     | 2 4 |  4.8

Action                     |  1- 3 |  4- 6 |  7- 9 | 10-12 || total
---------------------------+-------+-------+-------+-------++-------
  Melee: Unarmed           |    50 |       |       |     6 ||    56
         Constrict         |    20 |    16 |    59 |     8 ||   103
         Tentacles         |     8 |    11 |    49 |     5 ||    73
         Dagger            |    19 |    62 |   210 |    26 ||   317
         Punch             |       |     2 |    12 |     3 ||    17
  Throw: Javelin           |       |     2 |     4 |       ||     6
         Boomerang         |       |       |     3 |       ||     3
 Invoke: Stomp             |       |     3 |     3 |       ||     6
  Evoke: Wand              |       |       |       |     3 ||     3
    Use: Scroll            |       |       |    11 |       ||    11
   Stab: Sleeping          |     4 |     3 |     6 |       ||    13
         Paralysed         |       |     2 |    16 |     1 ||    19
 Armour: Skin              |    24 |    25 |   102 |    15 ||   166
  Dodge: Dodged            |    31 |    36 |   105 |    12 ||   184
   Form: Serpent           |       |       |       |     1 ||     1

Table legend: (Time is in decaauts)
 A = Elapsed time spent in this place.
 B = Non-inter-level travel time spent in this place.
 C = Inter-level travel time spent in this place.
 D = Time resting spent in this place.
 E = Time spent auto-exploring this place.
 F = Levels seen in this place.
 G = Mean time per level.
                   A        B        C        D        E       F      G
               +--------+--------+--------+--------+--------+-----+--------+
         Total |   7188 |   6939 |    249 |   1004 |   4793 |   8 |  898.5 |
       Dungeon |   6664 |   6415 |    249 |    697 |   4793 |   7 |  952.0 |
        Bailey |    523 |    523 |      0 |    307 |      0 |   1 |  523.0 |
               +--------+--------+--------+--------+--------+-----+--------+

Top non-repeatable levels by time:
     D:6: 2193 daAuts
     D:3: 1016 daAuts
     D:5: 907 daAuts
     D:1: 846 daAuts
     D:4: 839 daAuts
     D:2: 656 daAuts
  Bailey: 523 daAuts
     D:7: 204 daAuts
